 Dungeon Crawl Stone Soup version 0.28.0-43-g3370ac3207 (webtiles) character file.

Game seed: 14783356132484600879

11 weregamer the Skirmisher (level 2, -18/27 HPs)
             Began as a Minotaur Berserker on Mar 28, 2022.
             Was a Follower of Trog.
             Engulfed by a cloud of flame (21 damage)
             ... on level 1 of the Dungeon.
             The game lasted 00:01:27 (209 turns).

weregamer the Skirmisher (Minotaur Berserker)        Turns: 209, Time: 00:01:27

Health: -18/27     AC:  2    Str: 21    XL:     2   Next: 13%
Magic:  1/1        EV: 12    Int:  4    God:    Trog [*.....]
Gold:   0          SH:  0    Dex:  9    Spells: 1/1 levels left

rFire   . . .      SeeInvis .   a - +0 mace
rCold   . . .      Faith    .   (no shield)
rNeg    . . .      Spirit   .   b - +0 animal skin
rPois   .          Reflect  .   (helmet restricted)
rElec   .          Harm     .   (no cloak)
rCorr   .          Rampage  .   (no gloves)
Will    .....                   (no boots)
Stlth   +.........              (no amulet)
HPRegen 0.09/turn               (no ring)
MPRegen 0.07/turn               (no ring)

@: no status effects
A: horns 2, retaliatory headbutt
a: Renounce Religion, Berserk


You were on level 1 of the Dungeon.
You worshipped Trog.
Trog was aware of your devotion.
You visited 1 branch of the dungeon, and saw 1 of its levels.

Inventory:

Hand Weapons
 a - a +0 mace (weapon)
Armour
 b - a +0 animal skin (worn)


   Skills:
 + Level 4.0 Fighting
 + Level 4.0 Maces & Flails
 + Level 2.5 Armour
 + Level 2.3 Dodging


You had one spell level left.
You didn't know any spells.
Your spell library was empty.

Dungeon Overview and Level Annotations

Branches:
Dungeon (1/15)

Altars:


Innate Abilities, Weirdness & Mutations

You have a pair of horns on your head.
You reflexively headbutt those who attack you in melee.


Message History

The bat closely misses you.
You hit the bat.
The bat is moderately wounded.
The bat completely misses you. The bat closely misses you.
You see here a scroll labelled BUWEMAMIOWNU.
You barely miss the bat.
The bat is moderately wounded.
The bat barely misses you.
You closely miss the bat.
The bat is moderately wounded.
The bat barely misses you.
As you read the scroll labelled BUWEMAMIOWNU, it crumbles to dust.
The creatures around you are filled with an inner flame!
It was a scroll of immolation.
The bat hits you but does no damage. The bat hits you but does no damage.
The bat hits you but does no damage.
A hobgoblin comes into view.
The hobgoblin shouts!
The bat hits you. The bat misses you.
Found 5 gold pieces.
The bat hits you but does no damage. The bat hits you.
The hobgoblin misses you.
Found a scroll labelled CORRASTUOS.
The hobgoblin hits you. The bat hits you. The bat hits you.
The hobgoblin barely misses you.
You hit the hobgoblin.
You kill the hobgoblin!
Trog accepts your kill. The bat hits you.
Your Maces & Flails skill increases to level 4!
The bat hits you.
You hit the bat. Trog accepts your kill.
The bat explodes!
The fiery explosion engulfs you!
Ouch! That really hurt!
* * * LOW HITPOINT WARNING * * *
You are engulfed in blazing flames.
Ouch! That really hurt!
You die...

#......### #.#
.........# #.#
.........# #.#
.........# #.#
.........# #.#####
.........# #.....#
.........####.§§..#
..............†§§.#
.........#####§@§.#
.........#
#.$.......
#######.##
#......... #.#
#.......?.
###.########...#...
#.......# ...#...
######.......# ...#
.. .....#.......##
...#
.###............


There were no monsters in sight!

Vanquished Creatures
  A ball python (D:1)
  A bat (D:1)
  2 goblins (D:1)
  A hobgoblin (D:1)
  3 jackals (D:1)
  2 rats (D:1)
10 creatures vanquished.

Notes
Turn   | Place    | Note
-------+----------+-------------------------------------------
     0 | D:1      | weregamer the Minotaur Berserker began the quest for the
                  | Orb.
     0 | D:1      | Reached XP level 1. HP: 19/19 MP: 0/0
   126 | D:1      | Reached XP level 2. HP: 25/27 MP: 1/1
   209 | D:1      | Engulfed by a cloud of flame

Illustrated notes

Levels and vault maps discovered:
D:1:      dpeg_arrival_rhombus, layout_basic, serial_shops,
          nicolae_lakefront_shop, nrook_loot_triangle, minmay_close_crescents

Skill      XL: |  1  2 |
---------------+-------+-----
Fighting       | 4 |  4.0
Maces & Flails | 4 |  4.0
Armour         | |  2.5
Dodging        | |  2.3

Action                   || total
-------------------------++-------
Melee: Mace              ||    27
       Headbutt          ||     1
  Use: Scroll            ||     1
Armor: Animal skin       ||     9
Dodge: Dodged            ||    26
